 Dungeon Crawl Stone Soup version 0.32-a0-450-g080537f31e (webtiles) character file.

Game seed: 11395069193854817843

25 GibletGobbler the Conjurer (level 2, -1/20 HPs)
             Began as a Demigod Conjurer on Feb 23, 2024.
             Slain by a ribbon worm (7 damage)
             ... on level 2 of the Dungeon.
             The game lasted 00:09:35 (603 turns).

GibletGobbler the Conjurer (Demigod Conjurer)        Turns: 603, Time: 00:09:36

Health: -1/20      AC:  3    Str:  8    XL:     2   Next: 66%
Magic:  6/7        EV: 12    Int: 20    God:
Gold:   21         SH:  0    Dex: 12    Spells: 3/4 levels left

rFire   . . .        m - +0 dagger
rCold   . . .        (no shield)
rNeg    . . .        a - +0 robe
rPois   .            i - +0 helmet
rElec   .            (no cloak)
rCorr   .            (no gloves)
SInv    .            (no boots)
Will    .....        (no amulet)
Stlth   ++           (no ring)
HPRegen 0.23/turn    (no ring)
MPRegen 0.10/turn

%: no passive effects
@: no status effects
A: high MP 1, forlorn, divine attributes
a: no special abilities


You were on level 2 of the Dungeon.
You visited 1 branch of the dungeon, and saw 2 of its levels.

You collected 21 gold pieces.

Inventory:

Hand Weapons
 c - a +0 club
 f - a +0 mace
 m - a +0 dagger (weapon)
Armour
 a - a +0 robe (worn)
 i - a +0 helmet (worn)
 j - a +0 leather armour
Scrolls
 d - 3 scrolls of enchant armour {unknown}
 h - 3 scrolls of identify {unknown}
 k - a scroll of silence {unknown}
Potions
 b - 2 potions of magic
 e - a potion of heal wounds {unknown}
 g - a potion of curing {unknown}
 l - a potion of lignification {unknown}


   Skills:
 + Level 1.9 Dodging
 + Level 1.9 Stealth
 + Level 1.9 Spellcasting
 + Level 4.2 Conjurations


You had 3 spell levels left.
You knew the following spells:

 Your Spells              Type           Power      Damage    Failure   Level
a - Magic Dart            Conj           76%        1d6       2%          1

Your spell library contained the following spells:

 Spells                   Type           Power      Damage    Failure   Level
 Searing Ray              Conj           38%        2d5       4%          2
 Foxfire                  Conj/Fire      40%        2x1d6     7%          1
 Slow                     Hex            4%         N/A       16%         1
 Confusing Touch          Hex            1%         N/A       43%         3
 Sigil of Binding         Hex            1%         N/A       43%         3
 Vampiric Draining        Necr           1%         2d6       43%         3
 Fulminant Prism          Conj/Alch      5%         3d7       54%         4
 Iskenderun's Mystic Bla  Conj/Tloc      10%        2d4       54%         4
 Plasma Beam              Fire/Air       0%         2x1d10    100%        6
 Starburst                Conj/Fire      5%         6d4       100%        6


Dungeon Overview and Level Annotations

Branches:
Dungeon (2/15)


Innate Abilities, Weirdness & Mutations

You have an increased reservoir of magic. (+10% MP)
You shall have no god before yourself.
Your divine heritage dramatically boosts your attributes as you level up.


Message History

Aiming: Magic Dart (safe; 2% risk of failure)
Press: ? - help, Q - select action Shift-Dir - straight line, f/p - ribbon worm
Aim: a ribbon worm (catching its breath, 100% to hit)
The magic dart hits the ribbon worm.
The ribbon worm is moderately wounded.
The web tears apart.
You hit the ribbon worm.
The ribbon worm is moderately wounded.
The ribbon worm bites you.
You completely miss the ribbon worm.
The ribbon worm is moderately wounded.
The ribbon worm misses you.
You hit the ribbon worm.
The ribbon worm is moderately wounded.
The ribbon worm closely misses you.
You barely miss the ribbon worm.
The ribbon worm is moderately wounded.
The ribbon worm bites you.
You hit the ribbon worm.
The ribbon worm is moderately wounded.
You hit the ribbon worm but do no damage.
The ribbon worm is moderately wounded.
The ribbon worm bites you.
You barely miss the ribbon worm.
The ribbon worm is moderately wounded.
The ribbon worm bites you.
You hit the ribbon worm but do no damage.
The ribbon worm is moderately wounded.
The ribbon worm bites you.
* * * LOW HITPOINT WARNING * * *
You hit the ribbon worm but do no damage.
The ribbon worm is lightly wounded.
The ribbon worm expels a string of sticky webbing.
The stream of webbing misses you.
You barely miss the ribbon worm.
The ribbon worm is lightly wounded.
You hit the ribbon worm.
The ribbon worm is moderately wounded.
The ribbon worm bites you!
You die...

## .# # .##### #.
.....### #.##+#
####...######....#
###.....####w@#
#####.....>.#
#########


You could see a ribbon worm.

Vanquished Creatures
  An adder (D:2)
  A dart slug (D:1)
  A ball python (D:1)
  2 endoplasms (D:1)
  A giant cockroach (D:1)
  2 goblins (D:2)
  A hobgoblin (D:2)
  A kobold (D:1)
  A quokka (D:1)
  A frilled lizard (D:1)
  A rat (D:1)
13 creatures vanquished.

Notes
Turn   | Place    | Note
-------+----------+-------------------------------------------
     0 | D:1      | GibletGobbler the Demigod Conjurer began the quest for the
                  | Orb.
     0 | D:1      | Reached XP level 1. HP: 14/14 MP: 5/5
   249 | D:1      | Reached skill level 4 in Conjurations
   249 | D:1      | Reached XP level 2. HP: 20/20 MP: 4/7
   603 | D:2      | Slain by a ribbon worm

Illustrated notes

Levels and vault maps discovered:
D:1:      mushboom_english_gardens, layout_basic, nicolae_the_louvre
D:2:      layout_basic, nicolae_elevator_lobby_plus

Skill      XL: |  1 |
---------------+----+-----
Conjurations   | 4 |  4.2
Dodging        | |  1.9
Stealth        | |  1.9
Spellcasting   | |  1.9

Action                     || total
---------------------------++-------
  Melee: Club              ||    10
         Dagger            ||    18
   Cast: Magic Dart        ||    23
 Armour: Robe              ||    13
  Dodge: Dodged            ||    15

Table legend: (Time is in decaauts)
 A = Elapsed time spent in this place.
 B = Non-inter-level travel time spent in this place.
 C = Inter-level travel time spent in this place.
 D = Time resting spent in this place.
 E = Time spent auto-exploring this place.
 F = Levels seen in this place.
 G = Mean time per level.
                   A        B        C        D        E       F      G
               +--------+--------+--------+--------+--------+-----+--------+
         Total |    604 |    135 |    469 |      0 |      1 |   2 |  302.0 |
       Dungeon |    604 |    135 |    469 |      0 |      1 |   2 |  302.0 |
               +--------+--------+--------+--------+--------+-----+--------+

Top non-repeatable levels by time:
     D:1: 420 daAuts
     D:2: 184 daAuts
